MID
SOUTH BEND CUBS @ GREAT LAKES LOONS
05/31/2047
 
TOP OF THE 1ST
South Bend Cubs batting - Pitching for Great Lakes Loons : RHP Jason Englert
Pitching: RHP Jason Englert
Batting: LHB Sumiki Okuhara 0-0: Called Strike
0-1: Swinging Strike
0-2: Strikes out swinging
Batting: LHB Alex Ramos 0-0: Ball
1-0: Ball
2-0: Called Strike
2-1: Foul Ball, location: 2F
2-2: Ground out U3 (Groundball, 3L, EV 110.6 MPH)
Batting: RHB Nick Beecher 0-0: Ball
1-0: Swinging Strike
1-1: Ball
2-1: Ball
3-1: Called Strike
3-2: Foul Ball, location: 2F
3-2: Strikes out looking
Top of the 1st over - 0 runs, 0 hits, 0 errors, 0 left on base; South Bend 0 - Great Lakes 0
BOTTOM OF THE 1ST
Great Lakes Loons batting - Pitching for South Bend Cubs : LHP Matt Tomlinson
Pitching: LHP Matt Tomlinson
Batting: RHB Josh Crenwelge 0-0: SOLO HOME RUN (Flyball, 7D, EV 98.8 MPH), Distance : 373 ft
Batting: RHB Bobby Gray 0-0: Ball
1-0: Called Strike
1-1: Ground out U3 (Groundball, 34S, EV 91.2 MPH)
Batting: LHB Stephen Van Raalte 0-0: Called Strike
0-1: Fly out, F9 (Flyball, 9, EV 88.1 MPH)
Batting: LHB Chris Raymond 0-0: Swinging Strike
0-1: Fly out, F8 (Flyball, 89D, EV 105.0 MPH)
Bottom of the 1st over - 1 run, 1 hit, 0 errors, 0 left on base; South Bend 0 - Great Lakes 1
TOP OF THE 2ND
South Bend Cubs batting - Pitching for Great Lakes Loons : RHP Jason Englert
Batting: LHB Melvin Salgado 0-0: Called Strike
0-1: Foul Ball, location: 2F
0-2: Strikes out looking
Batting: RHB Jon Aguilar 0-0: Called Strike
0-1: Ground out U3 (Groundball, 34, EV 98.1 MPH)
Batting: RHB Tim Long 0-0: Reached on error, E8 (Flyball, 8RD, EV 90.6 MPH)
Batting: RHB Du Kim 0-0: Called Strike
0-1: Ball
1-1: Swinging Strike
1-2: Ball
2-2: Strikes out looking
Top of the 2nd over - 0 runs, 0 hits, 1 error, 1 left on base; South Bend 0 - Great Lakes 1
BOTTOM OF THE 2ND
Great Lakes Loons batting - Pitching for South Bend Cubs : LHP Matt Tomlinson
Batting: LHB Robin More 0-0: Ground out U3 (Groundball, 3, EV 85.6 MPH)
Batting: RHB Steve Clark 0-0: Called Strike
0-1: Ball
1-1: Ball
2-1: DOUBLE (Line Drive, 9LS, EV 102.5 MPH)
Batting: RHB Daniel Samano 0-0: Ball
1-0: Ball
2-0: Called Strike
2-1: Called Strike
2-2: Fly out, F8 (Flyball, 8RD, EV 100.6 MPH)
Batting: SHB Justin Toth 0-0: Ball
1-0: Swinging Strike
1-1: Swinging Strike
1-2: Ball
2-2: Ball
3-2: Strikes out looking
Bottom of the 2nd over - 0 runs, 1 hit, 0 errors, 1 left on base; South Bend 0 - Great Lakes 1
TOP OF THE 3RD
South Bend Cubs batting - Pitching for Great Lakes Loons : RHP Jason Englert
Batting: RHB Jerry Blas 0-0: Swinging Strike
0-1: Ball
1-1: Foul Ball, location: 2F
1-2: Strikes out swinging
Batting: RHB Bartolo Aguilar 0-0: Ball
1-0: Ball
2-0: Foul Ball, location: 2F
2-1: Foul Ball, location: 2F
2-2: Strikes out looking
Batting: LHB Sumiki Okuhara 0-0: Ball
1-0: Called Strike
1-1: Ball
2-1: Called Strike
2-2: Strikes out swinging
Top of the 3rd over - 0 runs, 0 hits, 0 errors, 0 left on base; South Bend 0 - Great Lakes 1
BOTTOM OF THE 3RD
Great Lakes Loons batting - Pitching for South Bend Cubs : LHP Matt Tomlinson
Batting: RHB Trevor Conklin 0-0: Called Strike
0-1: Ball
1-1: Fly out, F4 (Line Drive, 4M, EV 72.5 MPH)
Pitching: RHP Carlos Zavala
Batting: RHB Josh Crenwelge 0-0: Ball
1-0: SINGLE (Line Drive, 78S, EV 91.2 MPH)
Batting: RHB Bobby Gray 0-0: Fly out, F3 (Popup, 34, EV 73.8 MPH)
Batting: LHB Stephen Van Raalte 0-0: Foul Ball, location: 2F
0-1: Ball
Josh Crenwelge steals 2nd base
1-1: Foul Ball, location: 2F
1-2: Ball
2-2: Ball
3-2: Ground out 1-3 (Groundball, 34S, EV 66.9 MPH)
Bottom of the 3rd over - 0 runs, 1 hit, 0 errors, 1 left on base; South Bend 0 - Great Lakes 1
TOP OF THE 4TH
South Bend Cubs batting - Pitching for Great Lakes Loons : RHP Jason Englert
Batting: LHB Alex Ramos 0-0: Called Strike
0-1: Swinging Strike
0-2: Strikes out looking
Batting: RHB Nick Beecher 0-0: Ball
1-0: Called Strike
1-1: Ground out 6-3 (Groundball, 56, EV 90.6 MPH)
Batting: LHB Melvin Salgado 0-0: Called Strike
0-1: Foul Ball, location: 2F
0-2: Strikes out swinging
Top of the 4th over - 0 runs, 0 hits, 0 errors, 0 left on base; South Bend 0 - Great Lakes 1
BOTTOM OF THE 4TH
Great Lakes Loons batting - Pitching for South Bend Cubs : RHP Carlos Zavala
Batting: LHB Chris Raymond 0-0: Ball
1-0: Ball
2-0: Foul Ball, location: 2F
2-1: Swinging Strike
2-2: Ball
3-2: Foul Ball, location: 2F
3-2: Base on Balls
Batting: LHB Robin More 0-0: Ball
Chris Raymond steals 2nd base
1-0: Fly out, F7 (Flyball, 78D, EV 97.5 MPH)
Pitching: LHP Joey Lowe
Batting: RHB Steve Clark 0-0: Swinging Strike
0-1: Ground out U3 (Groundball, 3, EV 96.2 MPH)
Chris Raymond to third
Batting: RHB Daniel Samano 0-0: Ball
1-0: Ball
2-0: Foul Ball, location: 2F
2-1: Ball
3-1: Called Strike
3-2: Strikes out swinging passed ball, reaches first!
Chris Raymond scores
Batting: SHB Justin Toth 0-0: Ball
1-0: Ball
Daniel Samano steals 2nd base (no throw)
2-0: Ball
3-0: Called Strike
3-1: Ground out 1-3 (Groundball, 15S, EV 66.9 MPH)
Bottom of the 4th over - 1 run, 0 hits, 0 errors, 1 left on base; South Bend 0 - Great Lakes 2
TOP OF THE 5TH
South Bend Cubs batting - Pitching for Great Lakes Loons : RHP Jason Englert
Batting: RHB Jon Aguilar 0-0: Called Strike
0-1: Swinging Strike
0-2: Foul Ball, location: 2F
0-2: Ball
1-2: Strikes out swinging
Batting: RHB Tim Long 0-0: Called Strike
0-1: Ball
1-1: Foul Ball, location: 2F
1-2: Fly out, F8 (Flyball, 8RXD, EV 77.5 MPH)
Batting: RHB Du Kim 0-0: Called Strike
0-1: Ball
1-1: Swinging Strike
1-2: Foul Ball, location: 2F
1-2: Strikes out looking
Top of the 5th over - 0 runs, 0 hits, 0 errors, 0 left on base; South Bend 0 - Great Lakes 2
BOTTOM OF THE 5TH
Great Lakes Loons batting - Pitching for South Bend Cubs : LHP Joey Lowe
Batting: RHB Trevor Conklin 0-0: Ball
1-0: Ball
2-0: Ball
3-0: Base on Balls
Batting: RHB Josh Crenwelge 0-0: Called Strike
0-1: Ball
1-1: Swinging Strike
1-2: 2-RUN HOME RUN (Flyball, 7D, EV 98.8 MPH), Distance : 362 ft
Pitching: RHP Josh Deyo
Batting: RHB Bobby Gray 0-0: SINGLE (Groundball, 56D, EV 97.5 MPH)
Batting: LHB Stephen Van Raalte 0-0: Ball
1-0: Called Strike
1-1: Ball
2-1: Ball
3-1: Base on Balls
Bobby Gray to second
Batting: LHB Chris Raymond 0-0: Ball
1-0: Foul Ball, location: 2F
1-1: Swinging Strike
1-2: Strikes out swinging
Batting: LHB Robin More 0-0: Ball
1-0: DOUBLE (Line Drive, 7LM, EV 104.4 MPH)
Bobby Gray scores
Stephen Van Raalte to third
Batting: RHB Steve Clark 0-0: Called Strike
0-1: Foul Ball, location: 2F
0-2: Ball
Wild Pitch!
Stephen Van Raalte scores
Robin More to third
1-2: Ball
2-2: Foul Ball, location: 2F
2-2: Ball
3-2: Foul Ball, location: 2F
3-2: SINGLE (Groundball, 3D, EV 108.1 MPH)
Robin More scores
Pitching: RHP Jean-Paul Lefebvre
Batting: RHB Daniel Samano 0-0: Foul Ball, location: 2F
0-1: Foul Ball, location: 2F
0-2: Fielders Choice at 2nd, 3-6 (Groundball, 34, EV 80.6 MPH)
Batting: SHB Justin Toth 0-0: Ball
1-0: Ball
2-0: Foul Ball, location: 2F
2-1: Swinging Strike
2-2: DOUBLE (Line Drive, 9LD, EV 107.5 MPH)
Daniel Samano to third
Runner from 3rd tries for Home, throw by RF and OUT! 9-4-2
Bottom of the 5th over - 5 runs, 5 hits, 0 errors, 1 left on base; South Bend 0 - Great Lakes 7
TOP OF THE 6TH
South Bend Cubs batting - Pitching for Great Lakes Loons : RHP Jason Englert
Batting: RHB Jerry Blas 0-0: Ball
1-0: Swinging Strike
1-1: Foul Ball, location: 2F
1-2: Strikes out swinging
Batting: RHB Bartolo Aguilar 0-0: Called Strike
0-1: Swinging Strike
0-2: Ball
1-2: Strikes out swinging
Batting: LHB Sumiki Okuhara 0-0: Ball
1-0: Swinging Strike
1-1: Called Strike
1-2: Strikes out swinging
Top of the 6th over - 0 runs, 0 hits, 0 errors, 0 left on base; South Bend 0 - Great Lakes 7
BOTTOM OF THE 6TH
Great Lakes Loons batting - Pitching for South Bend Cubs : RHP Jean-Paul Lefebvre
Batting: RHB Trevor Conklin 0-0: Ball
1-0: Foul Ball, location: 2F
1-1: Swinging Strike
1-2: Ball
2-2: SOLO HOME RUN (Flyball, 7D, EV 98.8 MPH), Distance : 366 ft
Batting: RHB Josh Crenwelge 0-0: Called Strike
0-1: Ball
1-1: Ball
2-1: Swinging Strike
2-2: Ball
3-2: Foul Ball, location: 2F
3-2: Base on Balls
Pitching: RHP Josh Mott
Batting: RHB Bobby Gray 0-0: Called Strike
0-1: Ball
1-1: Swinging Strike
1-2: Strikes out swinging
Batting: LHB Stephen Van Raalte 0-0: Ball
1-0: Called Strike
Josh Crenwelge steals 2nd base
1-1: Ball
2-1: Foul Ball, location: 2F
2-2: Ball
3-2: Foul Ball, location: 2F
3-2: Base on Balls
Batting: LHB Chris Raymond 0-0: Called Strike
0-1: Ball
1-1: Ball
2-1: Ball
3-1: Base on Balls
Josh Crenwelge to third
Stephen Van Raalte to second
Batting: LHB Robin More 0-0: Ball
1-0: Fielders Choice at 2nd, 6-4 (Groundball, 6, EV 86.9 MPH)
Josh Crenwelge scores
Stephen Van Raalte to third
Pitching: RHP Phil Holmes
Batting: RHB Steve Clark 0-0: Foul Ball, location: 2F
0-1: Ball
1-1: SINGLE (Groundball, 56S, EV 74.4 MPH) (infield hit)
Stephen Van Raalte scores
Robin More to second
Batting: RHB Daniel Samano 0-0: Ball
1-0: Ball
2-0: Called Strike
2-1: DOUBLE (Line Drive, 3D, EV 94.4 MPH)
Robin More scores
Steve Clark to third
Runner from 3rd tries for Home, throw by RF and OUT! 9-4-2
Bottom of the 6th over - 4 runs, 3 hits, 0 errors, 1 left on base; South Bend 0 - Great Lakes 11
TOP OF THE 7TH
South Bend Cubs batting - Pitching for Great Lakes Loons : RHP Jason Englert
Batting: LHB Alex Ramos 0-0: Fly out, F7 (Flyball, 7LD, EV 107.5 MPH)
Batting: RHB Nick Beecher 0-0: Foul Ball, location: 2F
0-1: Foul Ball, location: 2F
0-2: Foul Ball, location: 2F
0-2: Ball
1-2: Strikes out swinging
Batting: LHB Melvin Salgado 0-0: Fly out, F9 (Flyball, 9, EV 79.4 MPH)
Top of the 7th over - 0 runs, 0 hits, 0 errors, 0 left on base; South Bend 0 - Great Lakes 11
BOTTOM OF THE 7TH
Great Lakes Loons batting - Pitching for South Bend Cubs : RHP Phil Holmes
Batting: SHB Justin Toth 0-0: Ball
1-0: Called Strike
1-1: Swinging Strike
1-2: Reached on error, E4 (Groundball, 4, EV 92.5 MPH)
Batting: RHB Trevor Conklin 0-0: SINGLE (Groundball, P, EV 80.6 MPH) (infield hit)
Justin Toth to third
Batting: RHB Josh Crenwelge 0-0: Ball
1-0: Ball
2-0: Foul Ball, location: 2F
2-1: SINGLE (Line Drive, 34D, EV 102.5 MPH)
Justin Toth scores
Trevor Conklin to second
Batting: RHB Bobby Gray 0-0: Called Strike
0-1: Grounds into double play, 4-6-3 (Groundball, 34, EV 104.4 MPH)
Trevor Conklin to third
Pitching: RHP Tom Reed
Batting: LHB Stephen Van Raalte 0-0: Foul Ball, location: 2F
0-1: 2-RUN HOME RUN (Flyball, 89XD, EV 106.2 MPH), Distance : 398 ft
Batting: LHB Chris Raymond 0-0: SINGLE (Line Drive, 78S, EV 88.1 MPH)
Batting: LHB Robin More 0-0: Ball
1-0: Swinging Strike
1-1: SINGLE (Groundball, 5S, EV 67.5 MPH) (infield hit)
Chris Raymond to second
Batting: RHB Steve Clark 0-0: Ball
1-0: Fielders Choice at 2nd, 6-4 (Groundball, 6, EV 86.9 MPH)
Bottom of the 7th over - 3 runs, 5 hits, 1 error, 2 left on base; South Bend 0 - Great Lakes 14
TOP OF THE 8TH
South Bend Cubs batting - Pitching for Great Lakes Loons : RHP Jason Englert
Batting: RHB Jon Aguilar 0-0: Called Strike
0-1: Called Strike
0-2: Foul Ball, location: 2F
0-2: Ball
1-2: Ball
2-2: Strikes out swinging
Batting: RHB Tim Long 0-0: Called Strike
0-1: Swinging Strike
0-2: Ball
1-2: Ball
2-2: Foul Ball, location: 2F
2-2: Strikes out swinging
Batting: RHB Du Kim 0-0: Called Strike
0-1: Ball
1-1: Ball
2-1: Ground out 5-3 (Groundball, 56S, EV 82.5 MPH)
Top of the 8th over - 0 runs, 0 hits, 0 errors, 0 left on base; South Bend 0 - Great Lakes 14
BOTTOM OF THE 8TH
Great Lakes Loons batting - Pitching for South Bend Cubs : RHP Tom Reed
Batting: RHB Daniel Samano 0-0: Swinging Strike
0-1: Ball
1-1: Fly out, F8 (Flyball, 8RD, EV 81.2 MPH)
Batting: SHB Justin Toth 0-0: Ball
1-0: Ground out U3 (Groundball, 3, EV 103.8 MPH)
Batting: RHB Trevor Conklin 0-0: Foul Ball, location: 2F
0-1: Ball
1-1: Called Strike
1-2: Foul Ball, location: 2F
1-2: Ball
2-2: Strikes out swinging wild pitch, reaches first!
Batting: RHB Josh Crenwelge 0-0: Ball
1-0: Ball
2-0: Foul Ball, location: 2F
2-1: Swinging Strike
2-2: Ball
3-2: Base on Balls
Trevor Conklin to second
Batting: RHB Bobby Gray 0-0: Ball
1-0: SINGLE (Groundball, 56D, EV 95.6 MPH)
Trevor Conklin to third
Josh Crenwelge to second
Runner from 3rd tries for Home, throw by LF and OUT! 7-2
Bottom of the 8th over - 0 runs, 1 hit, 0 errors, 2 left on base; South Bend 0 - Great Lakes 14
TOP OF THE 9TH
South Bend Cubs batting - Pitching for Great Lakes Loons : RHP Jason Englert
Batting: RHB Jerry Blas 0-0: Called Strike
0-1: Foul Ball, location: 2F
0-2: Ball
1-2: Strikes out swinging
Batting: RHB Bartolo Aguilar 0-0: Called Strike
0-1: Called Strike
0-2: Ball
1-2: Strikes out swinging
Batting: LHB Sumiki Okuhara 0-0: Called Strike
0-1: Ground out 3-1 (Groundball, 34, EV 89.4 MPH)
Top of the 9th over - 0 runs, 0 hits, 0 errors, 0 left on base; South Bend 0 - Great Lakes 14
Thursday, December 15th , 2022 - OOTP Baseball 23.9 Build 102